 Dungeon Crawl Stone Soup version 0.25-a0-460-g4f2eb97ec1 (webtiles) character file.

Game seed: 16748046898103527155, levelgen mode: deterministic

157 Nattfarinn the Sneak (level 5, 0/28 HPs)
             Began as a Vine Stalker Assassin on Feb 3, 2020.
             Succumbed to an orc wizard's poison
             ... on level 2 of the Dungeon.
             The game lasted 00:04:09 (2053 turns).

Nattfarinn the Sneak (Vine Stalker Assassin)        Turns: 2053, Time: 00:04:10

Health: 0/28       AC:  6    Str: 11 (13) XL:     5   Next: 38%
Magic:  4/6        EV: 10    Int: 10 (11) God:
Gold:   113        SH:  3    Dex: 14 (17) Spells: 4/4 levels left

rFire    . . .     SeeInvis .   a - +2 dagger
rCold    . . .     Gourm    .   t - +0 buckler
rNeg     . . .     Faith    .   i - +0 leather armour
rPois    .         Spirit   +   (no helmet)
rElec    .         Reflect  .   c - +0 cloak
rCorr    .         Harm     .   k - +0 pair of gloves
MR       .....                  s - +0 pair of boots
Stlth    +++.......             (no amulet)
HPRegen  0.49/turn              (no ring)
MPRegen  0.10/turn              (no ring)

@: lethally poisoned (0 -> -33), flying
A: fangs 2, regeneration 1, magic shield, antimagic bite, no potion heal 3, rot
immunity
a: no special abilities


You were on level 2 of the Dungeon.
You were not hungry.

You visited 1 branch of the dungeon, and saw 2 of its levels.

You collected 113 gold pieces.

Inventory:

Hand Weapons
 a - a +2 dagger (weapon)
Missiles
 d - 8 poisoned darts (quivered)
 e - 2 curare-tipped darts
Armour
 b - a +0 robe
 c - a +0 cloak (worn)
 i - a +0 leather armour (worn)
 k - a +0 pair of gloves (worn)
 s - a +0 pair of boots (worn)
 t - a +0 buckler (worn)
Jewellery
 r - an uncursed ring of poison resistance
Scrolls
 h - a scroll of teleportation {unknown}
 l - a scroll of enchant armour {unknown}
 o - 2 scrolls of enchant weapon {unknown}
 q - a scroll of blinking {unknown}
Potions
 j - a potion of flight
 m - a potion of berserk rage {unknown}
 n - a potion of degeneration
 p - 2 potions of curing {unknown}
Comestibles
 f - a ration
 g - a chunk of flesh


   Skills:
 + Level 2.8 Fighting
 * Level 3.7 Short Blades
 - Level 1.7 Throwing
 - Level 0.7 Dodging
 + Level 5.8 Stealth


You had 4 spell levels left.
You didn't know any spells.
Your spell library was empty.

Dungeon Overview and Level Annotations

Branches:
Dungeon (2/15)

Altars:


Innate Abilities, Weirdness & Mutations

You have extremely sharp teeth.
Your natural rate of healing is unusually fast.
When hurt, damage is shared between your health and your magic reserves.
Your bite disrupts and absorbs the magic of your enemies.
Potions cannot restore your health.
You are immune to rotting.


Message History

The orc wizard is severely wounded.
You feel very sick.
The orc wizard hits you with a +1 dagger of venom.
You are more poisoned.
You hit the orc wizard. Your bite misses the orc wizard.
The orc wizard is almost dead.
* * * LOW HITPOINT WARNING * * *
You feel very sick.
The orc wizard hits you with a +1 dagger of venom.
You are more poisoned.
It was a potion of flight.
You feel very buoyant.
You fly up into the air.
* * * LOW HITPOINT WARNING * * *
You feel very sick. You block the orc wizard's attack.
It was a potion of degeneration.
There was something very wrong with that liquid.
You feel weakened.
You feel dopey.
You feel clumsy.
You die...

....♣♣.♣♣.♣..♣..# #.#...
#.#.♣.P♣♣♣..♣♣..# #.###.
....♣...♣P.P♣...# #.# #.
....♣♣P.PP.P♣...# #.# #.
#.#..♣♣♣..♣.♣)..###### ###.###.
#.#..# ♣♣.♣P♣......... ........
#.#..##♣♣..♣#..#############.####
#.......♣♣.♣(..##........###.## #
###[....##.(..#o@........'....###
#..########.#.#........###..##.
#.## #.#.#........# #..##P #.#
#.#.#........# #..#.. ###.#
#.#.########## #.÷#.♣ ....# #.#.#
#...P♣ ##### #### #o#.# ##.#.P
.K. #.#.# .....♣ ###§##)# #####.P


You could see an orc wizard.

Vanquished Creatures
  2 orc wizards (D:2)
  An adder (D:2)
  An ooze (D:2)
  3 worms (D:2)
  4 dart slugs
  4 leopard geckos (D:1)
  A ball python (D:1)
  10 bats
  A giant cockroach (D:1)
  4 goblins
  6 hobgoblins
  10 jackals (D:1)
  A quokka (D:2)
  3 frilled lizards (D:2)
  11 kobolds
  7 rats
69 creatures vanquished.

Notes
Turn   | Place    | Note
-------+----------+-------------------------------------------
     0 | D:1      | Nattfarinn the Vine Stalker Assassin began the quest for
                  | the Orb.
     0 | D:1      | Reached XP level 1. HP: 11/11 MP: 2/2
    92 | D:1      | Reached skill level 5 in Stealth
    92 | D:1      | Reached XP level 2. HP: 14/15 MP: 3/3
   438 | D:1      | Reached XP level 3. HP: 12/18 MP: 2/4
  1206 | D:2      | Gained mutation: Your natural rate of healing is unusually
                  | fast. [Vine Stalker growth]
  1206 | D:2      | Reached XP level 4. HP: 19/23 MP: 3/5
  2010 | D:2      | Reached XP level 5. HP: 16/27 MP: 2/6
  2053 | D:2      | Succumbed to an orc wizard's poison

Levels and vault maps discovered:
D:1:      minmay_arrival_shattered_statue, layout_basic
D:2:      layout_basic, serial_forest, infiniplex_forest_end_3,
          infiniplex_forest_clump_small, infiniplex_forest_join,
          infiniplex_forest_clump_cross, infiniplex_forest_corner_1,
          infiniplex_forest_clump_medium, infiniplex_forest_clump_small,
          minmay_heptomino_w4

Skill      XL: |  1  2  3  4 |
---------------+-------------+-----
Short Blades   | 2 3 |  3.7
Stealth        | 5 |  5.8
Fighting       | 2 |  2.8
Throwing       | |  1.7
Dodging        | |  0.7

Action                   |  1- 3 |  4- 6 || total
-------------------------+-------+-------++-------
Melee: Dagger            |   104 |   103 ||   207
       Bite              |    22 |    41 ||    63
  Use: Potion            |       |     2 ||     2
 Stab: Sleeping          |     9 |     3 ||    12
  Eat: Chunk             |     1 |     3 ||     4
Armor: Robe              |     4 |       ||     4
       Leather armour    |    21 |    30 ||    51
Dodge: Dodged            |    68 |    44 ||   112
Block: Buckler           |       |     6 ||     6

Table legend:
 A = Non-vault XP
 B = Vault XP
 C = Vault XP percentage of total XP
 D = Non-vault monster count
 E = Vault monster count
 F = Vault count percentage of total count
                 A         B        C        D         E       F
            +---------+---------+-------+---------+---------+-------
      Total |     210 |      15 |   6.7 |      62 |       7 |  10.1
            +---------+---------+-------+---------+---------+-------
        D:1 |      72 |       0 |   0.0 |      36 |       0 |   0.0
        D:2 |     138 |      15 |   9.8 |      26 |       7 |  21.2
            +---------+---------+-------+---------+---------+-------
